 Dungeon Crawl Stone Soup version 0.32-a0-768-g0f6f1dd4b9 (webtiles) character file.

Game seed: 2981651687003917784

20112 Alarak the Blocker (level 12, -3/108 HPs)
             Began as a Mountain Dwarf Fighter on Mar 18, 2024.
             Was an Elder of the Shining One.
             Slain by a manticore (6 damage)
             ... on level 12 of the Dungeon on Mar 19, 2024.
             The game lasted 00:31:23 (11918 turns).

Alarak the Blocker (Mountain Dwarf Fighter)        Turns: 11918, Time: 00:31:24

Health: -3/108     AC: 23    Str: 29    XL:     12   Next: 42%
Magic:  15/16      EV: 11    Int: 10    God:    the Shining One [****..]
Gold:   1248       SH: 20    Dex:  9    Spells: 11/11 levels left

rFire   . . .        t - +5 flail
rCold   . . .        w - +0 kite shield
rNeg    + + .        S - +0 plate armour
rPois   .            R - +2 helmet
rElec   .            H - +0 cloak
rCorr   .            (no gloves)
SInv    .            v - +2 pair of boots
Will    +....        h - amulet of faith Stlth
                     n - +5 ring of evasion
HPRegen 0.38/turn    Q - +6 ring of strength
MPRegen 0.15/turn

%: faith
@: divinely shielded, glowing
A: runic magic, artefact enchanting, inability to drink after injury 1
a: Renounce Religion, Divine Shield, Cleansing Flame


You were on level 12 of the Dungeon.
You worshipped the Shining One.
The Shining One was greatly pleased with you.
You visited 1 branch of the dungeon, and saw 12 of its levels.
You also visited: Bailey.

You collected 1248 gold pieces.

Inventory:

Hand Weapons
 k - a +0 executioner's axe
 t - a +5 flail (weapon)
Missiles
 j - 14 poisoned darts (quivered)
 y - 2 throwing nets
Armour
 l - a +1 ring mail of poison resistance
 v - a +2 pair of boots (worn)
 w - a +0 kite shield (worn)
 x - a +0 chain mail
 C - the +1 ring mail of Spite {^Contam rF++ Str+5}
   (You found it on level 9 of the Dungeon)

   Str+5:     It affects your strength (+5).
   rF++:      It greatly protects you from fire.
   ^Contam:   It causes magical contamination when unequipped.
 H - a +0 cloak (worn)
 R - a +2 helmet (worn)
 S - a +0 plate armour (worn)
Magical Staves
 g - a staff of fire
Jewellery
 a - a +6 ring of dexterity
 h - an amulet of faith (around neck)
 n - a +5 ring of evasion (left hand)
 u - a ring of fire
 z - a ring of see invisible
 E - a +6 ring of dexterity
 K - a ring of wizardry
 P - a ring of ice
 Q - a +6 ring of strength (right hand)
 U - an amulet of magic regeneration
Wands
 b - a wand of mindburst (43)
 o - a wand of roots (13)
 A - a wand of charming (11)
 D - a wand of acid (12)
 F - a wand of digging (2)
 G - a wand of flame (11)
Scrolls
 c - 5 scrolls of teleportation
 m - 2 scrolls of amnesia
 p - 3 scrolls of vulnerability
 r - 2 scrolls of butterflies
 s - 5 scrolls of revelation
 B - 3 scrolls of blinking
 L - a scroll of poison
 N - a scroll of fog
Potions
 e - 3 potions of degeneration
 f - 5 potions of mutation
 i - 3 potions of lignification
 q - 2 potions of invisibility
 I - a potion of magic
 M - 4 potions of curing
Miscellaneous
 T - a phantom mirror


   Skills:
 - Level 10.8 Fighting
 - Level 4.7(8.3) Axes
 - Level 10.6(11.0) Maces & Flails
 + Level 11.1 Armour
 - Level 1.1 Dodging
 - Level 0.1 Stealth
 - Level 13.1 Shields
 - Level 6.5 Invocations


You had 11 spell levels left.
You didn't know any spells.
Your spell library contained the following spells:

 Spells                   Type           Power      Damage    Failure   Level
 Apportation              Tloc           0%         N/A       65%         1
 Freeze                   Ice            0%         1d3       65%         1
 Sting                    Conj/Alch      0%         1d3       65%         1
 Jinxbite                 Hex            0%         N/A       80%         2
 Mercury Vapours          Alch/Air       0%         N/A       80%         2
 Frozen Ramparts          Ice            0%         1d1       95%         3
 Hailstorm                Conj/Ice       0%         3d5       95%         3
 Inner Flame              Hex/Fire       0%         N/A       95%         3
 Passwall                 Erth           0%         N/A       95%         3
 Volatile Blastmotes      Fire/Tloc      0%         2d10      95%         3
 Flame Wave               Conj/Fire      0%         2d4       100%        4
 Olgreb's Toxic Radiance  Alch           0%         N/A       100%        4
 Sticky Flame             Fire/Alch      0%         2d4       100%        4
 Vhi's Electric Charge    Tloc/Air       0%         N/A       100%        4
 Alistair's Intoxication  Alch           0%         N/A       100%        5
 Arcjolt                  Conj/Air       0%         1d10      100%        5
 Borgnjor's Vile Clutch   Necr/Erth      0%         N/A       100%        5
 Irradiate                Conj/Alch      0%         3d11      100%        5
 Yara's Violent Unravell  Hex/Alch       0%         3d3       100%        5
 Bombard                  Conj/Erth      0%         9d1       100%        6
 Eringya's Noxious Bog    Alch           0%         4d6       100%        6
 Plasma Beam              Fire/Air       0%         2x1d10    100%        6
 Enfeeble                 Hex            0%         N/A       100%        7
 Ignition                 Fire           0%         3d3       100%        8


Dungeon Overview and Level Annotations

Branches:
Dungeon (12/15)            Temple (0/1) D:7            Lair (0/5) D:11
    Orc (0/2) D:9          Bailey (visited)

Altars:
Ashenzari
Cheibriados
Elyvilon
Fedhas
Hepliaklqana
Kikubaaqudgha
Makhleb
Qazlal
Ru
Wu Jian
The Shining One

Shops:
D:4 [   D:6 =

Annotations:
D:5 exclusion: downstairs
D:12 Lodul


Innate Abilities, Weirdness & Mutations

Your spellcasting is much less encumbered by armour.
You can use scrolls of enchantment on lesser artefacts.
You occasionally lose the ability to drink potions when taking damage.


Message History

The ogre shouts!
You hit the troll but do no damage.
The troll is almost dead.
Lodul zaps a wand.
Your will is overpowered!
You are confused.
The troll bites you but does no damage. The troll barely misses you.
The troll claws you but does no damage.
You bludgeon the ogre!!
The ogre is almost dead.
The ogre barely misses you. The ogre hits you with a +0 giant club.
The ogre hits you with a +0 giant club! Lodul misses you.
You bludgeon the troll!!
You kill the troll!
The ogre hits you with a +0 giant club!
* * * LOW HITPOINT WARNING * * *
A manticore comes into view.
The ogre barely misses you.
You barely miss the ogre. The ogre misses you.
The manticore flicks its tail.
The volley of spikes misses you.
The volley of spikes skewers the ogre!!
The ogre closely misses you. x2
The ogre attacks as it pursues you! The ogre closely misses you.
The ogre misses you.
The ogre dies!
The manticore closely misses you.
The manticore claws you but does no damage.
The manticore claws you.
* * * LOW HITPOINT WARNING * * *
Electricity crackles from Lodul's apparatus.
The bolt of lightning hits you!
* * * LOW HITPOINT WARNING * * *
You bump into the rock wall.
The manticore bites you!
* * * LOW HITPOINT WARNING * * *
The manticore claws you but does no damage.
The manticore barely misses you.
You feel less confused. The ogre barely misses you. The manticore bites you.
* * * LOW HITPOINT WARNING * * *
The manticore claws you.
You die...

#......# #.###
#..?...# .
#......# ..
#..O...# ...
#......## ....
#O.......
.....####O.......
.......HOOO....##
.......@.O.###.#
.....####..# .#
.... #..# # .
#..# #..# ## #..#
.. #..# .. ..# ..


You could see Lodul, a manticore and 6 ogres.

Vanquished Creatures
  The ghost of Nilihum the Carver, a journeyman CoAr of Trog (D:11)
  Josephine (D:11)
  A boulder beetle (D:11)
  4 two-headed ogres
  The ghost of Tarmogoyf the Covert, a novice FoWr of Cheibriados (D:9)
  An arcanist (D:9)
  An orc knight (Bailey)
  Maurice (D:8)
  A cyclops (D:11)
  A manticore (D:11)
  An ugly thing (D:11)
  2 komodo dragons
  A tengu conjurer (D:9)
  An unseen horror (D:12)
  A kobold demonologist (D:10)
  3 trolls
  Grinder (D:6)
  2 hornets
  Prince Ribbit (D:7)
  A vampire (D:10)
  4 shadows (D:11)
  4 wraiths
  2 wyverns
  Eustachio (D:5)
  22 yaks
  A steam dragon (D:9)
  Grum (D:9)
  2 vampire mosquitoes (D:9)
  7 water moccasins
  5 orc warriors
  3 black bears
  A sky beast (D:7)
  2 boggarts (D:11)
  2 ogres
  3 wolves (D:9)
  5 centaurs
  The ghost of tajemnic the Insei, an amateur DsSh (D:3)
  6 kobold brigands
  3 gnoll sergeants
  A scorpion (D:4)
  7 bullfrogs
  7 wights
  A killer bee (D:9)
  A howler monkey (D:4)
  A bombardier beetle (D:5)
  A jelly (D:7)
  5 orc priests
  2 hounds
  A sleepcap (D:4)
  A gnoll bouda (D:6)
  4 iguanas
  6 orc wizards
  16 gnolls
  2 adders
  A hound simulacrum (D:3)
  4 white imps
  2 dart slugs (D:1)
  A ribbon worm (D:2)
  An adder simulacrum (D:3)
  29 orcs
  10 bats
  11 endoplasms
  2 giant cockroaches (D:2)
  6 goblins
  12 hobgoblins
  12 kobolds
  2 quokkas
  3 ball pythons
  A ball python simulacrum (D:3)
  4 frilled lizards
  5 rats
264 creatures vanquished.

Vanquished Creatures (others)
  An ogre (D:12)
1 creature vanquished.

Grand Total: 265 creatures vanquished

Notes
Turn   | Place    | Note
-------+----------+-------------------------------------------
     0 | D:1      | Alarak the Mountain Dwarf Fighter began the quest for the
                  | Orb.
     0 | D:1      | Reached XP level 1. HP: 19/19 MP: 1/1
    77 | D:1      | Reached XP level 2. HP: 24/26 MP: 2/2
   123 | D:1      | Found a faded altar of an unknown god.
   620 | D:1      | Reached XP level 3. HP: 29/33 MP: 3/3
   748 | D:1      | Prayed at the altar of an unknown god.
   748 | D:1      | Became a worshipper of the Shining One
   748 | D:1      | Reached * piety under the Shining One
  1136 | D:2      | Found a broken altar of Ashenzari.
  1641 | D:3      | You fall into a shaft and drop 2 floors!
  1641 | D:5      | Entered Level 5 of the Dungeon
  1770 | D:5      | Found a white marble altar of Elyvilon.
  1808 | D:5      | Reached XP level 4. HP: 38/40 MP: 4/4
  1845 | D:5      | Found a snail-covered altar of Cheibriados.
  1865 | D:4      | Noticed a scorpion
  1879 | D:4      | Killed a scorpion
  1880 | D:4      | Reached XP level 5. HP: 11/46 MP: 5/5
  2023 | D:4      | Noticed an ogre
  2041 | D:4      | HP: 2/46 [ogre/+0 giant club (13)]
  2043 | D:4      | Killed an ogre
  2044 | D:4      | Reached skill level 1 in Dodging
  2044 | D:4      | Reached skill level 1 in Invocations
  2219 | D:4      | Reached XP level 6. HP: 39/52 MP: 7/7
  2301 | D:4      | Reached skill level 4 in Shields
  2505 | D:4      | Found Siqomote's Armour Shoppe.
  2590 | D:3      | Found a runed translucent gate.
  2590 | D:3      | Found a runed translucent gate.
  2590 | D:3      | Found a runed translucent gate.
  2613 | D:3      | Reached ** piety under the Shining One
  2613 | D:3      | Noticed tajemnic's ghost (amateur DsSh)
  2670 | D:3      | Reached skill level 5 in Armour
  2786 | D:3      | Killed tajemnic's ghost
  2951 | D:4      | Found a hazy altar of Hepliaklqana.
  2953 | D:4      | Found a faded altar of an unknown god.
  2971 | D:4      | Reached XP level 7. HP: 22/60 MP: 6/9
  3185 | D:4      | Reached skill level 1 in Maces & Flails
  3272 | D:4      | Found a glowing golden altar of the Shining One.
  4058 | D:6      | Noticed Eustachio
  4231 | D:6      | Noticed a yak
  4232 | D:6      | Noticed a yak
  4237 | D:6      | Noticed a yak
  4243 | D:5      | Killed a yak
  4244 | D:5      | Reached skill level 5 in Maces & Flails
  4304 | D:6      | Noticed a yak
  4312 | D:5      | Killed Eustachio
  4313 | D:5      | Reached XP level 8. HP: 40/67 MP: 10/10
  4498 | D:6      | Reached skill level 10 in Maces & Flails
  4568 | D:6      | Found Qizehoag's Jewellery Emporium.
  4787 | D:6      | Reached XP level 9. HP: 49/72 MP: 11/11
  4859 | D:6      | Found a blossoming altar of Fedhas.
  4895 | D:6      | Reached skill level 5 in Fighting
  4976 | D:6      | Noticed Grinder
  4987 | D:6      | Killed Grinder
  5056 | D:6      | Found an ornate altar of the Wu Jian Council.
  5422 | D:7      | Reached skill level 5 in Invocations
  5449 | D:7      | Found a broken altar of Ashenzari.
  5531 | D:7      | Noticed a komodo dragon
  5545 | D:7      | Killed a komodo dragon
  5546 | D:7      | Reached skill level 5 in Shields
  5602 | D:7      | Found a staircase to the Ecumenical Temple.
  5618 | D:7      | Noticed Prince Ribbit
  5628 | D:7      | Killed Prince Ribbit
  5629 | D:7      | Reached skill level 6 in Shields
  5690 | D:7      | Reached skill level 7 in Shields
  5894 | D:7      | Found a burning altar of Makhleb.
  5924 | D:7      | Reached *** piety under the Shining One
  6294 | D:8      | Reached skill level 8 in Shields
  6325 | D:8      | Noticed Maurice
  6328 | D:8      | Maurice stole a ring of fire
  6333 | D:8      | Maurice stole a staff of fire
  6335 | D:8      | Killed Maurice
  6336 | D:8      | Reached XP level 10. HP: 59/83 MP: 14/14
  6421 | D:8      | Found an ancient bone altar of Kikubaaqudgha.
  6456 | D:8      | Reached skill level 9 in Shields
  7011 | D:9      | Noticed Grum
  7027 | D:9      | Reached skill level 10 in Shields
  7038 | D:9      | Killed Grum
  7040 | D:9      | HP: 1/83 [orc priest/divine providence (14)]
  7240 | D:9      | Found a flagged portal.
  7264 | Bailey   | Entered a bailey
  7359 | Bailey   | Reached skill level 11 in Shields
  7397 | Bailey   | Noticed an orc knight
  7398 | Bailey   | Found a burning altar of Makhleb.
  7412 | Bailey   | Killed an orc knight
  7877 | D:9      | Reached skill level 12 in Shields
  7950 | D:9      | Reached **** piety under the Shining One
  7968 | D:9      | Noticed an arcanist
  8200 | D:9      | Killed an arcanist
  8212 | D:9      | Reached XP level 11. HP: 86/89 MP: 15/15
  8491 | D:9      | Reached skill level 13 in Shields
  8646 | D:9      | Identified the +1 ring mail of Spite {^Contam rF++ Str+5}
  8650 | D:9      | Found a staircase to the Orcish Mines.
  8762 | D:9      | Found a runed translucent door.
  8763 | D:9      | Noticed Tarmogoyf's ghost (novice FoWr)
  8937 | D:9      | Killed Tarmogoyf's ghost
  9088 | D:10     | Entered Level 10 of the Dungeon
  9116 | D:10     | Found a stormy altar of Qazlal.
  9289 | D:10     | Found a sacrificial altar of Ru.
  9714 | D:9      | Gained mutation: You occasionally lose the ability to drink
                  | potions when taking damage. [mutagenic glow]
  9749 | D:11     | Noticed a green ugly thing
  9756 | D:11     | Noticed Josephine
  9758 | D:11     | Killed a green ugly thing
  9773 | D:11     | Killed Josephine
  9779 | D:11     | Noticed a boulder beetle
  9802 | D:10     | HP: 3/97 [water moccasin (7)]
 10187 | D:11     | Reached skill level 10 in Fighting
 10465 | D:11     | Found a staircase to the Lair.
 10517 | D:11     | Killed a boulder beetle
 11060 | D:11     | Found a runed translucent gate.
 11060 | D:11     | Found a runed translucent gate.
 11060 | D:11     | Found a runed translucent gate.
 11063 | D:11     | Noticed Nilihum's ghost (journeyman CoAr)
 11457 | D:11     | Noticed a two-headed ogre
 11464 | D:11     | Killed a two-headed ogre
 11465 | D:11     | Reached XP level 12. HP: 97/108 MP: 16/16
 11475 | D:11     | Noticed a two-headed ogre
 11484 | D:11     | Killed a two-headed ogre
 11589 | D:11     | Killed Nilihum's ghost
 11649 | D:12     | Noticed Lodul
 11699 | D:12     | Noticed a two-headed ogre
 11734 | D:12     | Killed a two-headed ogre
 11735 | D:12     | Reached skill level 10 in Armour
 11867 | D:12     | Noticed a two-headed ogre
 11875 | D:12     | Killed a two-headed ogre
 11917 | D:12     | HP: 4/108 [manticore (10)]
 11918 | D:12     | Slain by a manticore

Illustrated notes

Levels and vault maps discovered:
D:1:      amcnicky_arrival_gap_in_the_tavern_cellar, layout_loops_ring,
          basic_ecumenical_altar, minmay_tripent
D:2:      layout_loops_ring, basic_altar, nicolae_underground_beach
D:3:      layout_rooms, gammafunk_ghost_icy
D:4:      nicolae_cairo_tiling_large_dashed, layout_basic,
          mainiacjoe_overflow_alcove_4, beargit_hepliaklqana_dungeon_heroes,
          serial_shops, shop, kennysheep_small_spiral,
          nicolae_concentric_dashed_squares_wild
D:5:      layout_loops_ring, mainiacjoe_overflow_tiny_flanked,
          cheibriados_altar_1, kennysheep_cross_room, minmay_holes,
          roderic_batcave, skrybe_limestone_x
D:6:      layout_cave_pools, general_overflow_altar, fedhas_altar_1,
          minmay_shop_enchanted_jewellery, minmay_misc_feat_iff, uniq_eustachio,
          uniq_grinder
D:7:      layout_cave_pods, old_standard_altar, nicolae_ashenzari_panopticon,
          minmay_temple_entry_slanted, minmay_lizard_king, uniq_prince_ribbit1
D:8:      layout_rooms, mainiacjoe_overflow_concentric_impassable,
          kennysheep_generic_room_5, uniq_maurice
D:9:      layout_stronghold, orc_0_dummy, gammafunk_ghost_grave, enter_bailey_6,
          minmay_bent, uniq_grum
D:10:     layout_irregular_city, mainiacjoe_overflow_brackets, kennysheep_mini
D:11:     layout_roguey, due_lair_maze_entry_diamond, gammafunk_ghost_spectres,
          nicolae_phantomly_mirrored, uniq_josephine
D:12:     layout_long_grid, uniq_lodul

Skill      XL: |  1  2  3  4  5  6  7  8  9 10 11 12 |
---------------+-------------------------------------+-----
Axes           | 3 4 |  4.7
Armour         | 4 5 8 11 | 11.1
Fighting       | 4 5 10 | 10.8
Dodging        | 1 |  1.1
Invocations    | 2 3 6 |  6.5
Shields        | 4 8 12 13 | 13.1
Maces & Flails | 6 10 | 10.6
Stealth        | |  0.1

Action                     |  1- 3 |  4- 6 |  7- 9 | 10-12 || total
---------------------------+-------+-------+-------+-------++-------
  Melee: War axe           |    84 |    91 |       |       ||   175
         Flail             |       |       |   269 |   617 ||   886
 Invoke: Divine Shield     |       |     2 |     1 |    15 ||    18
    Use: Scroll            |     4 |     2 |     6 |    11 ||    23
         Potion            |       |       |     1 |    15 ||    16
 Armour: Scale mail        |    53 |    72 |       |       ||   125
         Chain mail        |       |       |   166 |   149 ||   315
         Plate armour      |       |       |       |   263 ||   263
         Ring mail         |       |       |       |     5 ||     5
  Dodge: Dodged            |    34 |    36 |   174 |   325 ||   569
  Block: Buckler           |    14 |    24 |       |       ||    38
         Kite shield       |       |       |   204 |   695 ||   899

Table legend: (Time is in decaauts)
 A = Elapsed time spent in this place.
 B = Non-inter-level travel time spent in this place.
 C = Inter-level travel time spent in this place.
 D = Time resting spent in this place.
 E = Time spent auto-exploring this place.
 F = Levels seen in this place.
 G = Mean time per level.
                   A        B        C        D        E       F      G
               +--------+--------+--------+--------+--------+-----+--------+
         Total |  11990 |  10970 |   1020 |   1952 |   6936 |  13 |  922.3 |
       Dungeon |  11533 |  10513 |   1020 |   1950 |   6597 |  12 |  961.1 |
        Bailey |    456 |    456 |      0 |      2 |    339 |   1 |  456.0 |
               +--------+--------+--------+--------+--------+-----+--------+

Top non-repeatable levels by time:
     D:9: 1583 daAuts
     D:4: 1428 daAuts
    D:11: 1365 daAuts
    D:10: 1140 daAuts
     D:5: 1127 daAuts
     D:7: 927 daAuts
     D:8: 884 daAuts
     D:1: 783 daAuts
     D:6: 757 daAuts
     D:2: 747 daAuts
     D:3: 556 daAuts
  Bailey: 456 daAuts
    D:12: 231 daAuts
